 Dungeon Crawl Stone Soup version 0.15-a0-1995-g7e6aeab (webtiles) character file.

203 Ololoev the Slasher (level 5, -5/45 HPs)
             Began as a Centaur Fighter on July 11, 2014.
             Slain by an ogre
             ... wielding a cursed +0 giant club
              (19 damage)
             ... on Level 4 of the Dungeon.
             The game lasted 00:11:40 (3312 turns).

Ololoev the Slasher (Centaur Fighter)               Turns: 3312, Time: 00:11:40

HP  -5/45        AC  6     Str 18      XL: 5   Next: 51%
MP   4/4         EV  6     Int  7      God:
Gold 188         SH  0     Dex 10      Spells:  0 memorised,  4 levels left

rFire  . . .     SeeInvis .     a - +1 long sword
rCold  . . .     Clarity  .     b - +0 scale mail
rNeg   . . .     rCorr    .     (no shield)
rPois  .         rRot     .     (no helmet)
rElec  .         Spirit   .     (no cloak)
SustAb .         Warding  .     (no gloves)
rMut   .         Stasis   .     (no barding)
Gourm  .                        (no amulet)
MR     .....                    (no ring)
                                (no ring)

@: about to teleport, very quick, not resistant to hostile enchantments,
extremely unstealthy
A: hooves 3, deformed body, speed 2, tough skin 3
a: no special abilities


You were on level 4 of the Dungeon.
You were not hungry.

You visited 1 branch of the dungeon, and saw 4 of its levels.

You collected 188 gold pieces.

Inventory:

Hand weapons
 a - a +1 long sword (weapon)
Missiles
 f - 12 poisoned arrows
 j - 23 arrows
Armour
 b - a +0 scale mail (worn)
 c - a +0 shield
Comestibles
 d - 3 bread rations
 i - a rotting chunk of bat flesh
 k - 2 meat rations
 o - 3 fruits
 q - 2 beef jerkies
 r - 2 rotting chunks of hobgoblin flesh
 s - a rotting chunk of rat flesh
 u - a rotting chunk of quokka flesh
Scrolls
 l - a scroll of amnesia
 m - a scroll of remove curse
 t - a scroll of blinking
Potions
 e - a potion of might
 g - a potion of restore abilities {unknown}
 h - a potion of lignification {unknown}


   Skills:
 - Level 3.0 Fighting
 + Level 5.3 Long Blades
 - Level 2.1 Armour
 - Level 2.1 Shields


You had 4 spell levels left.
You didn't know any spells.

Dungeon Overview and Level Annotations

Branches:
Dungeon (4/15)
 Temple: D:4-7

Altars:
Cheibriados
Kikubaaqudgha
Makhleb
Yredelemnul
The Shining One

Annotations:
D:4 Dowan, Eustachio


Innate Abilities, Weirdness & Mutations

You have hooves in place of feet.
Armour fits poorly on your strangely shaped body.
You cover ground very quickly.
You have extremely tough skin (AC +3).


Message History

An orc and an orc wizard come into view.
An orc comes into view. It is wielding a club.
The orc shouts!
The orc wizard shouts!
The iron imp disappears in a puff of smoke!
Dowan, Brother of Duvessa comes into view.
He is wielding a glowing dagger.
Dowan shouts!
The orc wizard glows brightly for a moment.
An ogre comes into view. It is wielding a giant club.
The ogre shouts!
The ogre moves out of view.
Found 15 gold pieces.
A bat comes into view.
Read which item? (? for menu, Esc to quit)
Okay, then.
Found 11 gold pieces.
Read which item? (? for menu, Esc to quit)
As you read the scroll of teleportation, it crumbles to dust.
You feel strangely unstable. The bat hits you but does no damage.
The ogre hits you with a giant club!!
You die...

### # ###.######
#...5...@r
#########...#####.
#..o...o5...# #.
#@######....# #.
#.....O# #....#
##.. .$.......
............
.#..b...##
####o..#.#.##
#....### #.a.#...
#..$. .o.e. ..
.#.. .oo.. ... .


You could see an ogre, an orc wizard, a crimson imp, an orc and a bat.

Vanquished Creatures
  3 orc wizards (D:3)
  3 adders
  2 worms
  6 orcs (D:3)
  8 bats
  6 giant cockroaches
  9 goblins
  11 hobgoblins
  5 jackals
  8 kobolds
  5 quokkas
  A giant newt (D:1)
  An orc skeleton (D:3)
  8 rats
76 creatures vanquished.

Notes
Turn   | Place    | Note
--------------------------------------------------------------
     0 | D:1      | Ololoev, the Centaur Fighter, began the quest for the Orb.
     0 | D:1      | Reached XP level 1. HP: 19/19 MP: 1/1
   316 | D:1      | Reached XP level 2. HP: 24/26 MP: 2/2
  1023 | D:2      | Reached XP level 3. HP: 27/31 MP: 3/3
  1976 | D:3      | Reached XP level 4. HP: 38/38 MP: 3/3
  2006 | D:3      | Reached skill level 4 in Long Blades
  2401 | D:3      | Found a basalt altar of Yredelemnul.
  2404 | D:3      | Found a glowing golden altar of the Shining One.
  2415 | D:3      | Noticed a profane servitor
  2421 | D:3      | Noticed an angel
  2448 | D:3      | Reached XP level 5. HP: 34/45 MP: 4/4
  2553 | D:3      | Reached skill level 5 in Long Blades
  2609 | D:3      | Found a snail-covered altar of Cheibriados.
  2663 | D:3      | Found a burning altar of Makhleb.
  2771 | D:3      | Found an ancient bone altar of Kikubaaqudgha.
  3010 | D:4      | Noticed Eustachio
  3305 | D:4      | Noticed Dowan
  3310 | D:4      | Noticed an ogre
  3312 | D:4      | Slain by an ogre

Action                   |  1- 3 |  4- 6 || total
-------------------------+-------+-------++-------
Melee: Long sword        |   110 |    92 ||   202
  Use: Scroll            |     6 |     2 ||     8
       Potion            |       |     2 ||     2
  Eat: Chunk             |     2 |     4 ||     6
